 Dungeon Crawl Stone Soup version 0.29.0-4-gdea44cf6ec (webtiles) character file.

Game seed: 15024952409260764604

112 qw the Chopper (level 4, -7/26 HPs)
             Began as a Tengu Warper on Aug 28, 2022.
             Mangled by an ice beast (14 damage)
             ... on level 3 of the Dungeon.
             The game lasted 00:00:18 (3133 turns).

qw the Chopper (Tengu Warper)                       Turns: 3133, Time: 00:00:19

Health: -7/26      AC:  3    Str: 12 (14) XL:     4   Next: 95%
Magic:  8/8        EV: 11    Int: 11 (13) God:
Gold:   242        SH:  0    Dex: 11 (13) Spells: 7/7 levels left

rFire   . . .      SeeInvis .   k - +0 hand axe (vamp)
rCold   . . .      Faith    .   (no shield)
rNeg    . . .      Spirit   .   b - +0 leather armour
rPois   .          Reflect  .   (helmet restricted)
rElec   .          Harm     .   (no cloak)
rCorr   +          Rampage  .   (no gloves)
Will    .....                   (boots unavailable)
Stlth   +.........              h - amulet of the acrobat
HPRegen 0.08/turn               g - ring of resist corrosion
MPRegen 0.11/turn               (no ring)

@: no status effects
A: beak, talons 3
a: no special abilities


You were on level 3 of the Dungeon.
You visited 1 branch of the dungeon, and saw 3 of its levels.

You collected 242 gold pieces.


Innate Abilities, Weirdness & Mutations

You have a beak for a mouth.
You have claws for feet.


   Skills:
 - Level 2.0 Fighting
 + Level 5.4 Axes
 - Level 1.0 Throwing
 - Level 1.1 Armour
 - Level 2.1 Dodging
 - Level 2.0 Spellcasting
 - Level 2.4 Translocations


You had 7 spell levels left.
You didn't know any spells.
Your spell library contained the following spells:

 Spells                   Type           Power      Damage    Failure   Level
 Blink                    Tloc           12%        N/A       22%         2
 Gell's Gravitas          Tloc           6%         N/A       38%         3
 Lesser Beckoning         Tloc           6%         N/A       38%         3
 Teleport Other           Tloc           6%         N/A       38%         3
 Manifold Assault         Tloc           6%         N/A       98%         5

Inventory:

Hand Weapons
 e - a +0 morningstar
 k - a +0 vampiric hand axe (weapon)
Armour
 b - a +0 leather armour (worn)
Jewellery
 g - a ring of resist corrosion (left hand)
 h - an amulet of the acrobat (around neck)
Scrolls
 f - 2 scrolls of identify
Potions
 c - a potion of heal wounds
 d - 2 potions of curing
 l - a potion of brilliance {unknown}

Dungeon Overview and Level Annotations

Branches:
Dungeon (3/15)

Altars:


Message History

You start resting.
HP restored.
You now have 224 gold pieces (gained 12).
Found a rapier.
A hobgoblin comes into view.
The hobgoblin shouts!
You hit the hobgoblin.
You kill the hobgoblin!
You see here a hobgoblin corpse.
A giant cockroach comes into view.
You hit the giant cockroach. Your kick misses the giant cockroach.
The giant cockroach is almost dead.
The giant cockroach bites you but does no damage.
You hit the giant cockroach.
You kill the giant cockroach!
You see here a book of Hexes.
You now have 242 gold pieces (gained 18).
You see here a +0 robe.
A hobgoblin comes into view.
The hobgoblin shouts!
Enter note: You hit the hobgoblin.
Your peck misses the hobgoblin.
The hobgoblin is heavily wounded.
The hobgoblin hits you but does no damage.
You hit the hobgoblin.
You kill the hobgoblin!
An ice beast comes into view.
You barely miss the ice beast.
You claw the ice beast, but do no damage.
The ice beast hits you. The ice beast freezes you.
You hit the ice beast.
You feel better.
You claw the ice beast.
You peck the ice beast, but do no damage.
The ice beast is moderately wounded.
The ice beast hits you. The ice beast freezes you!
You hit the ice beast. You claw the ice beast.
You peck the ice beast, but do no damage.
The ice beast is heavily wounded.
The ice beast hits you. The ice beast freezes you!
Ouch! That really hurt!
You die...

#.#..##.######.##........
........# #.##.#......
#.#..##%######.##.####.##
............##.##.####.##
).........................
#.##.##........##.####.##
# #. #.#####..##.# #...
.##.##.#####..##.# #...
......Y@.........# ####
.#####.#####..##.#######
##.#####............
.............#######
########..##########
#............
#.########### ###


You could see an ice beast.

Vanquished Creatures
  An orc wizard (D:3)
  An adder (D:2)
  A worm (D:2)
  A dart slug (D:3)
  6 orcs (D:3)
  A ball python (D:3)
  9 endoplasms
  4 giant cockroaches
  6 goblins
  3 hobgoblins
  4 jackals
  3 quokkas
  6 bats
  5 frilled lizards
  8 kobolds
  5 rats
64 creatures vanquished.

Notes
Turn   | Place    | Note
-------+----------+-------------------------------------------
     0 | D:1      | qw the Tengu Warper began the quest for the Orb.
     0 | D:1      | Reached XP level 1. HP: 12/12 MP: 4/4
     0 | D:1      | 0 ||| qw: Version: 0.1-a-89-g26bdef1
     0 | D:1      | 0 ||| qw: Game counter: 898
     0 | D:1      | 0 ||| qw: Always use a shield: true
     0 | D:1      | 0 ||| qw: God list: Okawaru
     0 | D:1      | 0 ||| qw: Allow faded altars: false
     0 | D:1      | 0 ||| qw: Do Orc after D:15 true
     0 | D:1      | 0 ||| qw: Do second Lair branch before Depths: true
     0 | D:1      | 0 ||| qw: Lair rune preference: random
     0 | D:1      | 0 ||| qw: Plans: Normal
     0 | D:1      | 0 ||| PLANNING D:1-11
   106 | D:1      | 106 ||| DROPPING +0 club.
   286 | D:1      | Reached XP level 2. HP: 16/17 MP: 6/6
   317 | D:1      | Reached skill level 3 in Axes
   862 | D:1      | Reached XP level 3. HP: 21/21 MP: 7/7
   891 | D:1      | 891 ||| UPGRADING to amulet of the acrobat.
   896 | D:1      | 896 ||| READING scroll labelled WIEQI BOMERUCRO.
   897 | D:1      | 897 ||| READING scroll labelled VUSSER MEEM.
   898 | D:1      | 898 ||| DRINKING 2 murky orange potions.
   899 | D:1      | 899 ||| DROPPING scroll of blinking.
   900 | D:1      | 900 ||| DROPPING potion of degeneration.
   950 | D:2      | 950 ||| STAIRDANCE
   960 | D:2      | Reached skill level 4 in Axes
   960 | D:2      | 960 ||| STAIRDANCE
  2019 | D:2      | 2019 ||| UPGRADING to ring of resist corrosion.
  2020 | D:2      | 2020 ||| READING 2 scrolls labelled NEIH RIDIFFYPU.
  2021 | D:2      | 2021 ||| READING scroll labelled AGRIVV DYBLE.
  2022 | D:2      | 2022 ||| READING scroll labelled MAUTHR IDGHUREO.
  2023 | D:2      | 2023 ||| DRINKING 3 coppery potions.
  2024 | D:2      | 2024 ||| DRINKING 3 grey potions.
  2025 | D:2      | 2025 ||| DROPPING scroll of fog.
  2026 | D:2      | 2026 ||| DROPPING 2 potions of flight.
  2073 | D:3      | 2073 ||| STAIRDANCE
  2283 | D:3      | 2283 ||| FLEEEEING.
  2286 | D:3      | 2286 ||| FLEEEEING.
  2287 | D:3      | 2287 ||| FLEEEEING.
  2288 | D:3      | 2288 ||| FLEEEEING.
  2289 | D:3      | 2289 ||| FLEEEEING.
  2290 | D:3      | 2290 ||| FLEEEEING.
  2291 | D:3      | 2291 ||| FLEEEEING.
  2292 | D:3      | 2292 ||| FLEEEEING.
  2297 | D:3      | Reached XP level 4. HP: 26/26 MP: 8/8
  2315 | D:3      | Reached skill level 5 in Axes
  2404 | D:3      | 2404 ||| DROPPING +0 whip.
  2659 | D:3      | 2659 ||| Stepping ~*~*~tactically~*~*~ (stealth).
  2672 | D:3      | 2672 ||| FLEEEEING.
  2674 | D:3      | 2674 ||| FLEEEEING.
  2675 | D:3      | 2675 ||| FLEEEEING.
  2677 | D:3      | 2677 ||| FLEEEEING.
  2678 | D:3      | 2678 ||| FLEEEEING.
  2679 | D:3      | 2679 ||| FLEEEEING.
  2680 | D:3      | 2680 ||| FLEEEEING.
  2681 | D:3      | 2681 ||| FLEEEEING.
  2682 | D:3      | 2682 ||| STAIRDANCE
  2789 | D:2      | 2789 ||| READING scroll labelled RYELAS PUQOYH.
  2790 | D:2      | 2790 ||| READING scroll labelled TEXEUTR GEAB.
  2794 | D:2      | 2794 ||| DRINKING 2 fizzy brown potions.
  2795 | D:2      | 2795 ||| DRINKING 3 golden potions.
  2840 | D:2      | 2840 ||| DROPPING 2 potions of lignification.
  2921 | D:3      | 2921 ||| Stepping ~*~*~tactically~*~*~ (stealth).
  3124 | D:3      | Noticed an ice beast
  3133 | D:3      | Mangled by an ice beast

Levels and vault maps discovered:
D:1:      lightli_arrival_flooded_house, layout_basic, serial_glass,
          glass_columns_c, glass_columns_b
D:2:      layout_basic
D:3:      layout_basic, general_overflow_altar

Skill      XL: |  1  2  3  4 |
---------------+-------------+-----
Axes           | 3 4 5 |  5.4
Fighting       | |  2.0
Throwing       | |  1.0
Armour         | |  1.1
Dodging        | |  2.1
Spellcasting   | |  2.0
Translocations | |  2.4

Action                   |  1- 3 |  4- 6 || total
-------------------------+-------+-------++-------
Melee: Hand axe          |    86 |    56 ||   142
       Kick              |    27 |    14 ||    41
       Peck              |    13 |     9 ||    22
Throw: Boomerang         |     7 |       ||     7
  Use: Scroll            |     5 |     2 ||     7
       Potion            |     3 |     2 ||     5
Armor: Leather armour    |    22 |     9 ||    31
Dodge: Dodged            |    42 |    19 ||    61

Table legend:
 A = Non-vault XP
 B = Vault XP
 C = Vault XP percentage of total XP
 D = Non-vault monster count
 E = Vault monster count
 F = Vault count percentage of total count
                 A         B        C        D         E       F
            +---------+---------+-------+---------+---------+-------
      Total |     161 |       0 |   0.0 |      64 |       0 |   0.0
            +---------+---------+-------+---------+---------+-------
        D:1 |      37 |       0 |   0.0 |      26 |       0 |   0.0
        D:2 |      35 |       0 |   0.0 |      12 |       0 |   0.0
        D:3 |      89 |       0 |   0.0 |      26 |       0 |   0.0
            +---------+---------+-------+---------+---------+-------
